 Dungeon Crawl Stone Soup version 0.18-a0-943-g2c08dd4 (webtiles) character file.

112 filipzpl the Skirmisher (level 4, -8/45 HPs)
             Began as a Gargoyle Berserker on Dec 28, 2015.
             Was a Believer of Trog.
             Mangled by a gnoll
             ... wielding a +0 halberd
              (13 damage)
             ... on level 2 of the Dungeon.
             The game lasted 00:02:17 (957 turns).

filipzpl the Skirmisher (Gargoyle Berserker)         Turns: 957, Time: 00:02:18

Health: -8/45      AC:  9    Str: 26    XL:     4   Next: 93%
Magic:  4/4        EV: 11    Int:  8    God:    Trog [**....]
Gold:   70         SH:  0    Dex:  9    Spells: 0 memorised, 3 levels left

rFire  . . .     SeeInvis .     a - +0 mace
rCold  . . .     Gourm    .     e - +0 ring mail
rNeg   + . .     Faith    .     (no shield)
rPois  ∞         Spirit   .     (no helmet)
rElec  +         Dismiss  .     (no cloak)
rCorr  .         Reflect  .     (no gloves)
SustAt .         Harm     .     (no boots)
MR     .....                    (no amulet)
Stlth  ..........               (no ring)
                                (no ring)

@: berserking, very quick, not resistant to hostile enchantments, extremely
unstealthy
A: negative energy resistance 1, electricity resistance, unbreathing,
petrification resistance, rot immunity, AC +3
a: Berserk, Trog's Hand, Burn Spellbooks, Renounce Religion


You were on level 2 of the Dungeon.
You worshipped Trog.
Trog was pleased with you.
You were hungry.

You visited 1 branch of the dungeon, and saw 2 of its levels.

You collected 70 gold pieces.

Inventory:

Hand Weapons
 a - a +0 mace (weapon)
Armour
 e - a +0 ring mail (worn)
Scrolls
 b - a scroll of amnesia {unknown}
 d - 2 scrolls of identify {unknown}
 g - a scroll of remove curse {unknown}
 j - a scroll of teleportation {unknown}
Potions
 f - 2 potions of flight {unknown}
Comestibles
 c - 3 bread rations
 i - a meat ration


   Skills:
 * Level 4.7 Fighting
 * Level 4.4 Maces & Flails
 - Level 2.1 Armour
 - Level 1.5 Dodging


You had 3 spell levels left.
You didn't know any spells.

Dungeon Overview and Level Annotations

Branches:
Dungeon (2/15)

Altars:
Ashenzari
Okawaru
Pakellas
Xom


Innate Abilities, Weirdness & Mutations

You are resistant to torment.
Your stone body is resilient (AC +3).
You are immune to poison.
You resist negative energy.
You are resistant to electric shocks.
You can survive without breathing.
You are immune to petrification.
You are immune to rotting.


Message History

You are too injured to fight recklessly!
You are too injured to fight recklessly!
You are too injured to fight recklessly!
You are too injured to fight recklessly!
You thump the gnoll!
The gnoll is severely wounded.
The gnoll misses you.
You sock the gnoll!
You kill the gnoll!
Trog accepts your kill. The gnoll barely misses you.
The gnoll closely misses you. The gnoll closely misses you. x2
Things that are here:
a whip; a gnoll corpse You barely miss the gnoll.
You sock the gnoll!
You kill the gnoll!
Trog accepts your kill. The gnoll hits you with a halberd!
You die...

#########
##...)...##
##...####..##
##..#### ##..#
##..###8# ##.#
#..##§§§# #@#
#######
#)##§§§§##).g)#
#.....#
##.#§§..(####..#
#.###.#
#..(...._8# ##.#
#.# #.#
#..#≈≈...## ..#
#.# #.#
#.)##≈≈..# ..#
#.###.#
#...##≈≈_# #.#
#.#...#
#.#..###8# ##.#
#.#.###
#.##..#### ##..#
#.#.####


You could see a gnoll.

Vanquished Creatures
  3 gnolls (D:2)
  5 adders (D:2)
  A worm (D:2)
  A giant gecko (D:1)
  7 bats
  3 giant cockroaches (D:2)
  3 hobgoblins (D:1)
  A ball python (D:1)
  3 giant newts (D:1)
  3 goblins
  4 kobolds
  8 rats
42 creatures vanquished.

Notes
Turn   | Place    | Note
--------------------------------------------------------------
     0 | D:1      | filipzpl the Gargoyle Berserker began the quest for the Orb.
     0 | D:1      | Reached XP level 1. HP: 14/14 MP: 1/1
   159 | D:1      | Found a shattered altar of Ashenzari.
   207 | D:1      | Reached XP level 2. HP: 19/19 MP: 2/2
   621 | D:2      | Reached skill level 4 in Fighting
   621 | D:2      | Reached XP level 3. HP: 20/24 MP: 3/3
   684 | D:2      | Reached ** piety under Trog
   691 | D:2      | Reached XP level 4. HP: 30/30 MP: 4/4
   923 | D:2      | Found an oddly glowing altar of Pakellas.
   923 | D:2      | Found a shimmering altar of Xom.
   924 | D:2      | Found an iron altar of Okawaru.
   957 | D:2      | Mangled by a gnoll

Vault maps used:
D:1:      lightli_arrival_statue_moat, ashenzari_altar_1
D:2:      gammafunk_temple_overflow_claw

Action                   |  1- 3 |  4- 6 || total
-------------------------+-------+-------++-------
Melee: Mace              |    76 |    56 ||   132
Invok: Berserk           |     1 |     1 ||     2
  Eat: Chunk             |       |     1 ||     1
